 Dungeon Sprint DCSS version 0.19.5 (webtiles) character file.

1801 equalderp2856 the Ripper (level 8, -19/41 HPs)
             Began as a Felid Fighter on Mar 13, 2017.
             Was a Follower of Nemelex Xobeh.
             Demolished by an orc knight
             ... wielding a +3 battleaxe
              (30 damage)
             ... in the Dungeon (Sprint IX: "|||||||||||||||||||||||||||||").
             The game lasted 00:03:31 (942 turns).

equalderp2856 the Ripper (Felid Fighter)             Turns: 942, Time: 00:03:31

Health: -19/41     AC:  2    Str: 13    XL:     8   Next: 83%
Magic:  11/11      EV: 29    Int:  9    God:    Nemelex Xobeh [*.....]
Gold:   0          SH:  0    Dex: 17    Spells: 0 memorised, 7 levels left
                                        Lives:  0   Deaths: 2

rFire  . . .     SeeInvis +       - Unarmed
rCold  . . .     Gourm    .     (armour unavailable)
rNeg   . . .     Faith    .     (shield unavailable)
rPois  .         Spirit   .     (helmet unavailable)
rElec  .         Reflect  .     (cloak unavailable)
rCorr  .         Harm     .     (gloves unavailable)
MR     +....     NoTele   +     (boots unavailable)
Stlth  +++++.....               (no amulet)
                                (no ring)
                                (no ring)

@: quick
A: no armour, no weapons or thrown items, stealth, claws 1, fangs 3, see
invisible, carnivore 3, speed 1, shaggy fur 2, slow metabolism 1, sharp paws
a: Renounce Religion


You were in the Dungeon.
You worshipped Nemelex Xobeh.
Nemelex Xobeh was aware of your devotion.
You were not hungry.

You visited 1 branch

Inventory:

Jewellery
 l - a +2 ring of evasion
 m - a +3 ring of intelligence
Wands
 k - a wand of acid (6/15)
Scrolls
 h - a scroll of blinking
 i - 3 scrolls of remove curse
 j - 2 scrolls of amnesia
Potions
 a - a potion of invisibility
 d - a potion of curing
 e - a potion of haste
 f - 4 potions of magic
 g - a potion of berserk rage
Miscellaneous
 c - a legendary deck of destruction
Comestibles
 b - a meat ration


   Skills:
 + Level 8.6 Fighting
 + Level 13.0 Dodging
 + Level 10.1 Stealth
 + Level 16.4 Unarmed Combat
 + Level 3.2 Invocations
 + Level 0.7 Evocations


You had 7 spell levels left.
You didn't know any spells.

Dungeon Overview and Level Annotations

Branches:
Dungeon (1/1)

Altars:
Cheibriados
Dithmenos
Elyvilon
Fedhas
Gozag
Hepliaklqana
Kikubaaqudgha
Makhleb
Nemelex Xobeh
Okawaru
Qazlal
Ru
Sif Muna
Trog
Uskayaw
Vehumet
Xom
Yredelemnul
Zin
The Shining One
Beogh
Jiyva
Lugonu

Shops:
D =

Annotations:
D Gastronok


Innate Abilities, Weirdness & Mutations

You cannot wear armour.
You are incapable of wielding weapons or throwing items.
Your paws allow you to move quietly. (Stealth)
You have sharp claws.
You have razor-sharp teeth.
You have supernaturally acute eyesight. (SInv)
You are carnivorous and can eat meat at any time.
You cover ground quickly.
You are covered in thick fur. (AC +2)
You have a slow metabolism.
Your sharp claws are effective at attacking unaware monsters.


Message History

Gastronok is moderately wounded.
You claw Gastronok! x2
Gastronok is heavily wounded.
You mangle Gastronok!! You bite Gastronok, but do no damage.
Gastronok is heavily wounded.
Gastronok casts a spell at you.
You barely resist. You claw Gastronok!
Gastronok is severely wounded.
You scratch Gastronok.
Gastronok is severely wounded.
The orc knight hits you with an enchanted battleaxe!!
Ouch! That really hurt!
* * * LOW HITPOINT WARNING * * *
You feel better. Gastronok bites you.
* * * LOW HITPOINT WARNING * * *
The orc knight hits you with an enchanted battleaxe!!
Ouch! That really hurt!
You die...
Your body glows slightly and disappears. ▓▓ 4o ▓▓▓▓▓▓▓▓▓▓▓▓▓▓▓▓▓▓▓▓▓▓▓▓ ...............o@w...... ▓▓▓▓▓▓▓▓▓▓▓▓▓▓▓▓▓▓▓▓▓▓▓▓

You could see Gastronok and an orc knight.

Vanquished Creatures
  2 orc high priests (D)
  An orc knight (D)
  A gargoyle (D)
  A troll (D)
  A hornet (D)
  3 wyverns (D)
  A steam dragon (D)
  An ice beast (D)
  An ogre (D)
  2 centaurs (D)
  A scorpion (D)
  An orc (D)
  A bat zombie (D)
  2 hobgoblins (D)
  A jackal (D)
  A frilled lizard (D)
  A kobold (D)
  A leopard gecko skeleton (D)
  A rat (D)
24 creatures vanquished.

Notes
Turn   | Place    | Note
-------+----------+-------------------------------------------
     0 | D        | equalderp2856 the Felid Fighter began the quest for the Orb.
     0 | D        | Reached XP level 1. HP: 10/10 MP: 2/2
   106 | D        | Noticed a centaur
   106 | D        | Noticed a centaur
   106 | D        | Noticed an ice beast
   116 | D        | Killed an ice beast
   116 | D        | Reached skill level 1 in Stealth
   116 | D        | Reached skill level 7 in Unarmed Combat
   116 | D        | Reached XP level 2. HP: 2/15 MP: 3/3
   116 | D        | Reached XP level 3. HP: 2/18 MP: 4/4
   116 | D        | Reached XP level 4. HP: 2/22 MP: 5/5
   118 | D        | Reached skill level 8 in Unarmed Combat
   121 | D        | Killed a centaur
   121 | D        | Reached skill level 5 in Fighting
   121 | D        | Reached skill level 9 in Unarmed Combat
   121 | D        | Reached XP level 5. HP: 19/26 MP: 6/6
   125 | D        | Killed a centaur
   125 | D        | Reached skill level 10 in Unarmed Combat
   298 | D        | Found a roughly hewn altar of Beogh.
   298 | D        | Found a snail-covered altar of Cheibriados.
   298 | D        | Found a shadowy altar of Dithmenos.
   298 | D        | Found a white marble altar of Elyvilon.
   298 | D        | Found a blossoming altar of Fedhas.
   298 | D        | Found an opulent altar of Gozag.
   299 | D        | Found a hazy altar of Hepliaklqana.
   300 | D        | Found a viscous altar of Jiyva.
   301 | D        | Found an ancient bone altar of Kikubaaqudgha.
   302 | D        | Found a corrupted altar of Lugonu.
   303 | D        | Found a burning altar of Makhleb.
   307 | D        | Found a sparkling altar of Nemelex Xobeh.
   308 | D        | Found an iron altar of Okawaru.
   309 | D        | Found a stormy altar of Qazlal.
   310 | D        | Found a sacrificial altar of Ru.
   311 | D        | Found a deep blue altar of Sif Muna.
   312 | D        | Found a bloodstained altar of Trog.
   313 | D        | Found a hide-covered altar of Uskayaw.
   314 | D        | Found a radiant altar of Vehumet.
   315 | D        | Became a worshipper of Nemelex Xobeh the Trickster
   316 | D        | Found a shimmering altar of Xom.
   317 | D        | Found a basalt altar of Yredelemnul.
   318 | D        | Found a glowing silver altar of Zin.
   319 | D        | Found a glowing golden altar of the Shining One.
   328 | D        | Received a gift from Nemelex Xobeh
   344 | D        | Noticed a troll
   344 | D        | Noticed a wyvern
   344 | D        | Noticed an ogre
   344 | D        | Noticed a troll
   378 | D        | Noticed a hornet
   378 | D        | a troll changed into a hornet
   382 | D        | Killed a hornet
   382 | D        | Reached skill level 11 in Unarmed Combat
   382 | D        | Reached skill level 1 in Invocations
   382 | D        | Gained mutation: You are covered in thick fur. (AC +2) [Felid growth]
   382 | D        | Reached XP level 6. HP: 24/31 MP: 7/7
   417 | D        | Reached XP level 7. HP: 30/36 MP: 8/8
   448 | D        | Reached skill level 12 in Unarmed Combat
   456 | D        | Killed a wyvern
   456 | D        | Reached skill level 10 in Dodging
   466 | D        | Killed a troll
   466 | D        | Reached skill level 5 in Stealth
   466 | D        | Reached skill level 13 in Unarmed Combat
   484 | D        | Noticed a troll
   484 | D        | Noticed a wyvern
   484 | D        | Noticed a wyvern
   484 | D        | Noticed a steam dragon
   484 | D        | Noticed a gargoyle
   493 | D        | Killed a gargoyle
   493 | D        | Reached XP level 8. HP: 40/40 MP: 10/10
   506 | D        | Reached skill level 14 in Unarmed Combat
   849 | D        | Slain by a troll
   850 | D        | Reached XP level 7. HP: -4/37 MP: 9/9
   852 | D        | Found Veun's Jewellery Shop.
   852 | D        | Reached * piety under Nemelex Xobeh
   852 | D        | Noticed an orc knight
   852 | D        | Noticed an orc high priest
   852 | D        | Noticed an orc high priest
   852 | D        | Noticed an orc knight
   852 | D        | Noticed an orc high priest
   853 | D        | Noticed an orc high priest
   857 | D        | Killed an orc knight
   857 | D        | Reached skill level 15 in Unarmed Combat
   857 | D        | Reached XP level 8. HP: 41/41 MP: 9/11
   859 | D        | Noticed a sixfirhy
   864 | D        | Mangled by a sixfirhy
   865 | D        | Reached XP level 7. HP: -6/37 MP: 9/10
   865 | D        | Received a gift from Nemelex Xobeh
   895 | D        | Killed an orc high priest
   895 | D        | Reached XP level 8. HP: 21/41 MP: 11/11
   906 | D        | Noticed an orange demon
   906 | D        | Noticed a red devil
   906 | D        | Killed an orc high priest
   906 | D        | Reached skill level 10 in Stealth
   906 | D        | Reached skill level 16 in Unarmed Combat
   928 | D        | Noticed Gastronok
   942 | D        | Demolished by an orc knight

Skill      XL: |  1  2  3  4  5  6  7  8 |
---------------+-------------------------+-----
Fighting       | 4 5 6 7 8 |  8.6
Dodging        | 6 7 9 12 13 | 13.0
Stealth        | 1 3 9 10 | 10.1
Unarmed Combat | 7 9 11 15 16 | 16.4
Invocations    | 1 3 |  3.2
Evocations     | |  0.7

Action                   |  1- 3 |  4- 6 |  7- 9 || total
-------------------------+-------+-------+-------++-------
Melee: Unarmed           |    21 |    13 |    91 ||   125
       Bite              |     6 |     1 |    12 ||    19
       Punch             |       |       |     7 ||     7
Evoke: Deck              |       |     4 |       ||     4
       Wand              |       |     1 |       ||     1
  Use: Potion            |     1 |     2 |     5 ||     8
       Scroll            |       |       |     1 ||     1
 Stab: Sleeping          |       |     1 |       ||     1
       Distracted        |       |       |     2 ||     2
Armor: Skin              |     1 |     2 |       ||     3
Dodge: Dodged            |    12 |    11 |    70 ||    93
